 Dungeon Crawl Stone Soup version 0.30-a0-777-ga9a30cbeda (webtiles) character file.

Game seed: 13875487720156025085

550 Zenos the Chopper (level 7, -2/62 HPs)
             Began as a Minotaur Chaos Knight on Feb 13, 2023.
             Was a Plaything of Xom.
             Slain by a gnoll
             ... wielding a +0 halberd
             ... led by a gnoll bouda
              (11 damage)
             ... on level 6 of the Dungeon on Feb 14, 2023.
             The game lasted 00:14:02 (757 turns).

Zenos the Chopper (Minotaur Chaos Knight)            Turns: 757, Time: 00:14:02

Health: -2/62      AC:  5    Str: 19    XL:     7   Next: 7%
Magic:  6/6        EV: 12    Int:  9    God:    Xom [..*...]
Gold:   50         SH:  4    Dex:  9    Spells: 6/6 levels left

rFire   . . .      SeeInvis .    g - +2 scythe (venom)
rCold   . . .      Faith    .    (shield currently unavailable)
rNeg    . . .      Spirit   .    b - +2 leather armour
rPois   .          Reflect  .    (helmet restricted)
rElec   .          Harm     .    (no cloak)
rCorr   .          Rampage  .    (no gloves)
Will    .....                    (no boots)
Stlth   +                        (no amulet)
HPRegen 0.30/turn                (no ring)
MPRegen 0.10/turn                (no ring)

@: lethally poisoned (-2 -> -5), weakened
A: horns 2, retaliatory headbutt, large bone plates 1
a: Renounce Religion


You were on level 6 of the Dungeon.
You worshipped Xom.
You were a toy of Xom.
You visited 1 branch of the dungeon, and saw 6 of its levels.

You collected 50 gold pieces.

Inventory:

Hand Weapons
 a - a +0 hand axe of chaos
 f - a +1 spectral quarterstaff
 g - a +2 scythe of venom (weapon)
 h - the +5 short sword of Zadacets {freeze, rPois}
   (You found it on level 4 of the Dungeon)

   rPois:     It protects you from poison.
Armour
 b - a +2 leather armour (worn)
Wands
 d - a wand of flame (13)
Scrolls
 i - 3 scrolls of blinking
Potions
 j - a potion of haste
Miscellaneous
 c - a piece from Xom's chessboard (15/15) (quivered)


   Skills:
 + Level 5.7 Fighting
 + Level 6.9(7.0) Axes
 + Level 1.0(4.4) Polearms
 + Level 3.9 Armour
 + Level 2.6 Dodging
 + Level 1.2 Stealth
 + Level 0.1 Shields
 + Level 0.3 Evocations


You had 6 spell levels left.
You didn't know any spells.
Your spell library contained the following spells:

 Spells                   Type           Power      Damage    Failure   Level
 Ensorcelled Hibernation  Hex/Ice        0%         N/A       56%         2
 Passwall                 Tmut/Erth      0%         N/A       56%         2
 Swiftness                Air            0%         N/A       80%         3


Dungeon Overview and Level Annotations

Branches:
Dungeon (6/15)
 Temple: D:4-7

Altars:


Innate Abilities, Weirdness & Mutations

You have a pair of horns on your head.
You reflexively headbutt those who attack you in melee.
You are partially covered in large bone plates. (SH +4)


Message History

You slash the gnoll!
You kill the gnoll!
Your attacks no longer feel as feeble.
The adder bites you but does no damage.
The gnoll hits you from afar with a +0 halberd.
The gnoll closely misses you. You block the gnoll bouda's attack.
You block the adder's attack.
The gnoll hits you from afar with a +0 halberd.
* * * LOW HITPOINT WARNING * * *
The gnoll barely misses you. x2
The adder bites you.
* * * LOW HITPOINT WARNING * * *
The gnoll bouda closely misses you. You furiously retaliate!
You headbutt the gnoll bouda. You block the gnoll's attack.
The gnoll hits you from afar with a +0 halberd.
* * * LOW HITPOINT WARNING * * *
The gnoll hits you with a +0 flail.
* * * LOW HITPOINT WARNING * * *
Things that are here:
a +0 club; a gnoll corpse You feel much better.
The adder barely misses you. The gnoll bouda completely misses you.
You furiously retaliate!
You headbutt the gnoll bouda. The adder bites you.
The gnoll hits you with a +0 halberd. The gnoll barely misses you.
The gnoll closely misses you.
You hit the gnoll but do no damage.
The gnoll is poisoned.
The gnoll bouda gazes fiercely through you!
You feel your attacks grow feeble. The gnoll bouda closely misses you.
The adder bites you but does no damage. The gnoll barely misses you.
The gnoll hits you from afar with a +0 halberd.
You block the gnoll's attack.
The gnoll bouda hits you with a +1 whip of venom.
You are poisoned.
You barely miss the gnoll.
You feel sick. The adder completely misses you.
The gnoll hits you with a +0 halberd!
* * * LOW HITPOINT WARNING * * *
The gnoll hits you from afar with a +0 halberd!
You die...
Xom bursts into laughter!

...................
#.
...................
#.
...................
#.
...................
#.
...................
#.
.........).........
#.
.........).........
#.
..........S.g......
#.
...........@g......
#.
............gg$....
..................
...$.....!.......
................)
.................
...............
...............


You could see a gnoll bouda, 3 gnolls and an adder.

Vanquished Creatures
  Sigmund (D:3)
  Pargi (D:3)
  An ice beast (D:6)
  A necrophage (D:5)
  A scorpion (D:4)
  A hound (D:6)
  A gnoll (D:6)
  2 adders
  2 ufetubi
  A worm (D:3)
  A dart slug (D:1)
  2 orcs (D:6)
  7 ball pythons
  4 giant cockroaches
  5 hobgoblins
  A quokka (D:1)
  4 bats
  2 frilled lizards
  3 goblins (D:1)
  A kobold (D:3)
  A rat (D:3)
43 creatures vanquished.

Notes
Turn   | Place    | Note
-------+----------+-------------------------------------------
     0 | D:1      | Zenos the Minotaur Chaos Knight began the quest for the
                  | Orb.
     0 | D:1      | Reached XP level 1. HP: 19/19 MP: 0/0
    45 | D:1      | Reached XP level 2. HP: 27/27 MP: 1/1
    53 | D:1      | Reached skill level 4 in Axes
    59 | D:1      | XOM: smoke on damage
   108 | D:2      | XOM: silly message
   117 | D:2      | Reached XP level 3. HP: 20/33 MP: 2/2
   153 | D:3      | Noticed Pargi
   158 | D:3      | Killed Pargi
   159 | D:3      | Reached skill level 5 in Axes
   159 | D:3      | Reached XP level 4. HP: 28/41 MP: 3/3
   206 | D:3      | XOM: silly message
   259 | D:3      | Reached XP level 5. HP: 46/47 MP: 4/4
   273 | D:3      | XOM: silly message
   438 | D:3      | Noticed Sigmund
   438 | D:3      | XOM: divination: magic mapping
   445 | D:3      | Killed Sigmund
   446 | D:3      | Reached skill level 5 in Fighting
   446 | D:3      | Reached skill level 6 in Axes
   446 | D:3      | Reached XP level 6. HP: 21/56 MP: 5/5
   468 | D:3      | Found a faded altar of an unknown god.
   471 | D:3      | Gained mutation: You are partially covered in large bone
                  | plates. (SH +4) [potion of mutation]
   550 | D:4      | XOM: confuse monster(s)
   559 | D:4      | Identified the +5 short sword of Zadacets {freeze, rPois}
   606 | D:5      | Entered Level 5 of the Dungeon
   667 | D:5      | XOM: divination: detect items
   700 | D:6      | Noticed an ice beast
   706 | D:6      | Killed an ice beast
   707 | D:6      | Reached skill level 1 in Stealth
   746 | D:6      | Reached skill level 1 in Polearms
   746 | D:6      | Reached XP level 7. HP: 46/62 MP: 6/6
   757 | D:6      | Slain by a gnoll

Illustrated notes

Levels and vault maps discovered:
D:1:      psy_arrival_dodecagon, layout_rooms, minivault_26
D:2:      layout_basic, kennysheep_generic_room_7
D:3:      layout_basic, shapermc_ecumenical_altar_mp_vishouse,
          gup_sewer_entry_bowl, chequers_avenue, minmay_statues_item,
          serial_park_tiny_2, st_stairs_4, uniq_sigmund, uniq_pargi
D:4:      wad_woods_stonehenge, layout_layer_cave
D:5:      layout_basic, grunt_temple_overflow_holy_war, reono_crystal_passage,
          minmay_misc_feat_square, uniq_blork_the_orc
D:6:      layout_basic

Skill      XL: |  1  2  3  4  5  6 |
---------------+-------------------+-----
Axes           | 4 5 6 |  6.9
Fighting       | 4 5 |  5.7
Armour         | 3 |  3.9
Dodging        | 2 |  2.6
Stealth        | 1 |  1.2
Polearms       | 1 |  1.0
Shields        | |  0.1
Evocations     | |  0.3

Action                     |  1- 3 |  4- 6 |  7- 9 || total
---------------------------+-------+-------+-------++-------
  Melee: Hand axe          |    43 |    30 |       ||    73
         Headbutt          |     6 |     4 |     1 ||    11
         Punch             |     1 |       |       ||     1
         Halberd           |       |    18 |     6 ||    24
  Evoke: Piece from Xom's  |     1 |     3 |       ||     4
         Wand              |       |     1 |       ||     1
    Use: Scroll            |     2 |     7 |       ||     9
         Potion            |     2 |     4 |     1 ||     7
   Stab: Sleeping          |       |     4 |       ||     4
 Armour: Leather armour    |    19 |    17 |     4 ||    40
  Dodge: Dodged            |    32 |    23 |    18 ||    73
  Block: Other             |       |     5 |     6 ||    11

Table legend: (Time is in decaauts)
 A = Elapsed time spent in this place.
 B = Non-inter-level travel time spent in this place.
 C = Inter-level travel time spent in this place.
 D = Time resting spent in this place.
 E = Time spent auto-exploring this place.
 F = Levels seen in this place.
 G = Mean time per level.
                   A        B        C        D        E       F      G
               +--------+--------+--------+--------+--------+-----+--------+
         Total |    750 |    235 |    515 |      0 |      0 |   6 |  125.0 |
       Dungeon |    750 |    235 |    515 |      0 |      0 |   6 |  125.0 |
               +--------+--------+--------+--------+--------+-----+--------+

Top non-repeatable levels by time:
     D:3: 353 daAuts
     D:1: 106 daAuts
     D:4: 92 daAuts
     D:5: 81 daAuts
     D:6: 75 daAuts
     D:2: 41 daAuts
